[Event "II Duchamp Open 2018-U1800"]
[Site "Rio de Janeiro"]
[Date "2018.11.16"]
[Round "1"]
[White "Cabrera Tabeira, Nelson Fabian"]
[Black "Agrasot, Antonio"]
[Result "1/2-1/2"]
[ECO "D35"]
[WhiteElo "1752"]
[BlackElo "1562"]
[Annotator "NA RC"]
[PlyCount "119"]
[EventDate "2018.11.14"]
[EventType "swiss"]
[EventCountry "BRA"]
[SourceTitle "playchess.com"]
[Source "ChessBase"]
[SourceQuality "1"]
[TimeControl "5400+30"]

1. d4 d5 2. c4 e6 3. Nc3 Nf6 4. Bf4 Bb4 5. e3 c6 6. Bd3 dxc4 7. Bxc4 Ne4 8. Nge2 Nxc3 9. Nxc3 Bd6 10. Bxd6 Qxd6 11. f4 O-O 12. O-O Nd7 13. Ne4 Qe7 14. Qh5 h6 15. Rf3 Nf6 16. Qh4 Re8 17. Nxf6+ Qxf6 18. Qxf6 gxf6 19. b4 Bd7 20. e4 Re7 21. Rb1 a6 22. Rg3+ Kh7 23. e5 f5 24. Rbb3 Rg8 25. Rh3 Rg6 26. Rh5 Re8 27. h3 Kg7 28. Kf2 Rh8 29. g4 fxg4 30. Bd3 f5 31. exf6+ Rxf6 32. Kg3 Rhf8 33. hxg4 Rxf4 34. g5 Rf3+ 35. Kg2 Rf2+ 36. Kg1 R2f4 37. gxh6+ Kh8 38. Rg5 Rg8 39. Rxg8+ Kxg8 40. Rb2 Rg4+ 41. Kf2 Rxd4 42. Ke3 e5 43. Rg2+ Rg4 44. Rxg4+ Bxg4 45. Be4 Be6 46. a4 Bb3 47. a5 Kh8 48. Kf3 Bg8 49. Kg4 Bh7 50. Bxh7 Kxh7 51. Kf5 Kxh6 52. Kxe5 Kg5 53. Kd6 Kf4 54. Kc5 Ke5 55. Kb6 Kd5 56. Kxb7 c5 57. bxc5 Kxc5 58. Kxa6 Kc6 59. Ka7 Kc7 60. a6 1/2-1/2

[Event "II Duchamp Open 2018-U1800"]
[Site "Rio de Janeiro"]
[Date "2018.11.16"]
[Round "1"]
[White "Mesquita, Arnaldo Leite"]
[Black "Gomes, Carlos"]
[Result "*"]
[ECO "A38"]
[WhiteElo "1749"]
[BlackElo "1543"]
[Annotator "NA RC"]
[PlyCount "110"]
[EventDate "2018.11.14"]
[EventType "swiss"]
[EventCountry "BRA"]
[SourceTitle "playchess.com"]
[Source "ChessBase"]
[SourceQuality "1"]
[TimeControl "5400+30"]

1. c4 c5 2. Nc3 Nc6 3. Nf3 Nf6 4. g3 g6 5. Bg2 Bg7 6. O-O O-O 7. d3 d6 8. Rb1 Rb8 9. Bd2 Bd7 10. a3 a6 11. b4 cxb4 12. axb4 b5 13. Qc1 bxc4 14. dxc4 Nxb4 15. Qa3 a5 16. Na2 Nc6 17. Rb5 Nb4 18. Rxa5 Nxa2 19. Qxa2 Ra8 20. Nd4 Rxa5 21. Bxa5 Qc8 22. Bb6 Bh3 23. Nc6 Re8 24. Na7 Qb8 25. Rb1 Bxg2 26. Kxg2 Qb7+ 27. f3 Rb8 28. h3 Nd7 29. c5 dxc5 30. Bxc5 Qxb1 31. Qxb1 Rxb1 32. Bxe7 Rb2 33. Kf1 Bd4 34. Nc6 Be3 35. f4 Bc5 36. Bd8 Kf8 37. Bc7 f6 38. Ba5 Kf7 39. Bc3 Rc2 40. Be1 Rc1 41. e4 Bb6 42. Nb4 Rc4 43. e5 fxe5 44. fxe5 Nxe5 45. Nd5 Bd8 46. Bc3 Rc5 47. Bxe5 Rxd5 48. Bf4 Bg5 49. Bc7 Rd2 50. h4 Be3 51. Ba5 Ra2 52. Bc3 h5 53. Be5 Ke6 54. Bc7 Kf5 55. Ke1 Kg4 *

[Event "II Duchamp Open 2018-U1800"]
[Site "Rio de Janeiro"]
[Date "2018.11.16"]
[Round "1"]
[White "Rial, Antonio Marcos Pino"]
[Black "Valente, Fernando Cesar"]
[Result "1-0"]
[ECO "B08"]
[WhiteElo "1712"]
[BlackElo "1522"]
[Annotator "NA RC"]
[PlyCount "69"]
[EventDate "2018.11.14"]
[EventType "swiss"]
[EventCountry "BRA"]
[SourceTitle "playchess.com"]
[Source "ChessBase"]
[SourceQuality "1"]
[TimeControl "5400+30"]

1. d4 Nf6 2. Nf3 g6 3. Nc3 d6 4. e4 Bg7 5. Be3 O-O 6. Bd3 Ng4 7. Bg5 h6 8. Bh4 g5 9. Bg3 f5 10. exf5 Bxf5 11. Bxf5 Rxf5 12. h3 Nf6 13. d5 c5 14. Qe2 Nfd7 15. Qe6+ Rf7 16. O-O Nf8 17. Qe3 Nbd7 18. Rfe1 Ng6 19. Rad1 a6 20. Ne2 Nde5 21. Nxe5 Nxe5 22. b3 Qd7 23. f4 gxf4 24. Nxf4 Rxf4 25. Bxf4 Ng6 26. Bxh6 Bd4 27. Rxd4 cxd4 28. Qxd4 Ne5 29. Re4 e6 30. dxe6 Qe7 31. Bf4 Rd8 32. Bxe5 dxe5 33. Qxe5 Rd1+ 34. Kh2 Rd2 35. Rg4+ 1-0

[Event "II Duchamp Open 2018-U1800"]
[Site "Rio de Janeiro"]
[Date "2018.11.16"]
[Round "1"]
[White "Souza, Neurismar Da Rocha"]
[Black "Da Silva, Joao Carlos Orguim"]
[Result "1-0"]
[ECO "B34"]
[WhiteElo "1551"]
[BlackElo "1751"]
[Annotator "NA RC"]
[PlyCount "93"]
[EventDate "2018.11.14"]
[EventType "swiss"]
[EventCountry "BRA"]
[SourceTitle "playchess.com"]
[Source "ChessBase"]
[SourceQuality "1"]
[TimeControl "5400+30"]

1. e4 c5 2. Nf3 Nc6 3. d4 cxd4 4. Nxd4 g6 5. Nc3 Bg7 6. Be3 Nf6 7. Bd3 d6 8. O-O Ng4 9. Nxc6 bxc6 10. Bd2 O-O 11. Rb1 Be6 12. b3 a5 13. Qe2 Qb6 14. Kh1 Bd4 15. Nd1 Ne5 16. Bc3 Bxc3 17. Nxc3 Qd4 18. Qd2 Nxd3 19. Qxd3 Qxd3 20. cxd3 c5 21. f4 f5 22. Rbe1 Ra7 23. e5 d5 24. Rc1 c4 25. dxc4 dxc4 26. Nb5 Rb7 27. Nd4 Bd5 28. bxc4 Be4 29. Rf2 a4 30. c5 Re8 31. a3 Rc7 32. c6 Rb8 33. Kg1 Kf7 34. Kf1 Rb6 35. Ke1 e6 36. Rd2 Ke7 37. g3 Bd5 38. Rdc2 h6 39. Rc5 Rb2 40. h4 Rg2 41. R1c3 Rc8 42. c7 Kd7 43. Nb5 Bb7 44. Nd6 Bd5 45. Nxc8 Kxc8 46. Ra5 Ra2 47. Rxa4 1-0

[Event "II Duchamp Open 2018-U1800"]
[Site "Rio de Janeiro"]
[Date "2018.11.16"]
[Round "1"]
[White "Da Costa, Carlos Henrique Luz"]
[Black "De Oliveira, Joao Eudes"]
[Result "1-0"]
[ECO "A46"]
[WhiteElo "1536"]
[BlackElo "1726"]
[Annotator "NA RC"]
[PlyCount "84"]
[EventDate "2018.11.14"]
[EventType "swiss"]
[EventCountry "BRA"]
[SourceTitle "playchess.com"]
[Source "ChessBase"]
[SourceQuality "1"]
[TimeControl "5400+30"]

1. d4 Nf6 2. Nf3 e6 3. Bf4 d6 4. e3 Be7 5. h3 O-O 6. Be2 c5 7. Nbd2 b6 8. c3 Bb7 9. O-O Nbd7 10. Nc4 d5 11. Nce5 cxd4 12. exd4 Nxe5 13. Bxe5 Ne4 14. Re1 Bd6 15. Bd3 Re8 16. Re2 h6 17. Qb3 Rc8 18. Rae1 Nf6 19. Bxd6 Qxd6 20. Qa4 a5 21. Ne5 Rc7 22. Bb5 Ree7 23. Re3 g6 24. Qd1 Kg7 25. Qf3 Qd8 26. Qf4 g5 27. Qf3 Qh8 28. Qe2 Rc8 29. Rf1 Rf8 30. f4 Ne4 31. fxg5 hxg5 32. Nd7 Rg8 33. Qf3 Qh4 34. Rxe4 Qxe4 35. Qf6+ Kh7 36. Qxe7 Qe3+ 37. Kh1 Rg7 38. Nf6+ Kg6 39. Qxb7 Qd2 40. Ng4 f5 41. Ne5+ Kh6 42. Qxb6 Qe2 1-0

[Event "II Duchamp Open 2018-U1800"]
[Site "Rio de Janeiro"]
[Date "2018.11.19"]
[Round "4"]
[White "De Oliveira, Joao Eudes"]
[Black "Souza, Neurismar Da Rocha"]
[Result "0-1"]
[ECO "D02"]
[WhiteElo "1726"]
[BlackElo "1551"]
[Annotator "NA RC"]
[PlyCount "54"]
[EventDate "2018.11.14"]
[EventType "swiss"]
[EventCountry "BRA"]
[SourceTitle "playchess.com"]
[Source "ChessBase"]
[SourceQuality "1"]
[TimeControl "5400+30"]

1. d4 d5 2. Nf3 e6 3. Bg5 Be7 4. Bxe7 Qxe7 5. c3 Nd7 6. e3 b6 7. Bd3 Bb7 8. Nbd2 Ngf6 9. O-O Ne4 10. Ne5 Nxe5 11. dxe5 O-O 12. f4 f5 13. exf6 Rxf6 14. Nf3 Raf8 15. Ne5 Rh6 16. Rf3 Qh4 17. Bxe4 Qxh2+ 18. Kf2 dxe4 19. Rg3 Qh4 20. Qd7 g5 21. Rh1 Rxf4+ 22. Nf3 Qxh1 23. Rxg5+ Rg6 24. Qxe6+ Rf7 25. Rxg6+ hxg6 26. Qxg6+ Kf8 27. Qg3 exf3 0-1

[Event "II Duchamp Open 2018-U1800"]
[Site "Rio de Janeiro"]
[Date "2018.11.19"]
[Round "4"]
[White "Gomes, Carlos"]
[Black "Agrasot, Antonio"]
[Result "1/2-1/2"]
[ECO "B10"]
[WhiteElo "1543"]
[BlackElo "1562"]
[Annotator "NA RC"]
[PlyCount "100"]
[EventDate "2018.11.14"]
[EventType "swiss"]
[EventCountry "BRA"]
[SourceTitle "playchess.com"]
[Source "ChessBase"]
[SourceQuality "1"]
[TimeControl "5400+30"]

1. e4 c6 2. d3 d5 3. Nd2 dxe4 4. dxe4 e6 5. Ngf3 Bc5 6. Be2 Ne7 7. O-O O-O 8. Nb3 Bb6 9. Qxd8 Rxd8 10. Bf4 Ng6 11. Bg3 Nd7 12. h4 h6 13. Rad1 Re8 14. Bd3 e5 15. Nfd2 Bc7 16. f3 Nf4 17. Nb1 Bb6+ 18. Kh1 Bc7 19. Bf2 Bb6 20. Bxb6 Nxb6 21. Nc3 Nxd3 22. Rxd3 Nc4 23. Rb1 b6 24. Nd2 Be6 25. Nxc4 Bxc4 26. Rd6 Re6 27. Rbd1 Rc8 28. b3 Rxd6 29. Rxd6 Be6 30. Na4 Kf8 31. c4 Ke7 32. Rd2 Rc7 33. c5 b5 34. Nc3 Rd7 35. Rxd7+ Kxd7 36. b4 Bc4 37. a3 a6 38. Kg1 f6 39. Kf2 h5 40. g3 Be6 41. Nd1 g6 42. Ne3 f5 43. Ng2 fxe4 44. fxe4 Bg4 45. Ke3 Ke6 46. Ne1 Kf6 47. Nd3 Be6 48. Nf2 Bd7 49. Kf3 Bc8 50. g4 Bd7 1/2-1/2

[Event "II Duchamp Open 2018-U1800"]
[Site "Rio de Janeiro"]
[Date "2018.11.19"]
[Round "4"]
[White "Da Costa, Carlos Henrique Luz"]
[Black "Rial, Antonio Marcos Pino"]
[Result "0-1"]
[ECO "A04"]
[WhiteElo "1536"]
[BlackElo "1712"]
[Annotator "NA RC"]
[PlyCount "142"]
[EventDate "2018.11.14"]
[EventType "swiss"]
[EventCountry "BRA"]
[SourceTitle "playchess.com"]
[Source "ChessBase"]
[SourceQuality "1"]
[TimeControl "5400+30"]

1. Nf3 c6 2. d4 d6 3. b3 Nf6 4. e3 Bg4 5. Be2 Nbd7 6. Nbd2 e5 7. dxe5 Bxf3 8. Nxf3 Nxe5 9. Bb2 Qc7 10. O-O Be7 11. c4 O-O-O 12. Qc2 Kb8 13. h3 Nxf3+ 14. Bxf3 g6 15. Rfd1 Rhe8 16. b4 Nd7 17. a4 Bf6 18. Bxf6 Nxf6 19. Qb2 Ne4 20. b5 c5 21. a5 Qe7 22. a6 b6 23. Rd5 Qf6 24. Qxf6 Nxf6 25. Rad1 Nxd5 26. Bxd5 f5 27. Kh2 g5 28. Rd2 f4 29. exf4 gxf4 30. Rd3 Rf8 31. Kg1 Kc7 32. Kf1 Rde8 33. Rd2 Re5 34. Re2 Rfe8 35. Bf3 Rxe2 36. Bxe2 Re5 37. Bf3 Kd7 38. Bd5 Ke7 39. Bg8 Kf6 40. Bd5 Re7 41. g3 fxg3 42. fxg3 Re3 43. Kf2 Ra3 44. h4 Ke5 45. g4 Kf4 46. Be6 Ra2+ 47. Ke1 h6 48. Kd1 Ke5 49. Bd5 Rh2 50. g5 hxg5 51. hxg5 Kf5 52. Bf3 Kxg5 53. Be2 Kf4 54. Bd3 Ke3 55. Bg6 Kd4 56. Bf7 Kd3 57. Ke1 Re2+ 58. Kf1 Ke3 59. Bd5 Rd2 60. Be6 Kd4 61. Ke1 Rc2 62. Kd1 Rxc4 63. Kd2 d5 64. Bf5 Ra4 65. Kc2 Kc4 66. Bd3+ Kb4 67. Kb2 c4 68. Bg6 d4 69. Be8 d3 70. Bc6 c3+ 71. Kb1 c2+ 0-1

[Event "II Duchamp Open 2018-U1800"]
[Site "Rio de Janeiro"]
[Date "2018.11.19"]
[Round "4"]
[White "Valente, Fernando Cesar"]
[Black "Mesquita, Arnaldo Leite"]
[Result "0-1"]
[ECO "B01"]
[WhiteElo "1522"]
[BlackElo "1749"]
[Annotator "NA RC"]
[PlyCount "99"]
[EventDate "2018.11.14"]
[EventType "swiss"]
[EventCountry "BRA"]
[SourceTitle "playchess.com"]
[Source "ChessBase"]
[SourceQuality "1"]
[TimeControl "5400+30"]

1. e4 d5 2. exd5 Nf6 3. Nf3 Nxd5 4. c4 Nf6 5. d4 Bg4 6. Be2 e6 7. O-O Be7 8. Nc3 O-O 9. h3 Bh5 10. Be3 c6 11. Qd2 Nbd7 12. Rad1 Bb4 13. Qc1 Qa5 14. a3 Bxc3 15. Qxc3 Qxc3 16. bxc3 Ne4 17. Rc1 f5 18. Rfe1 f4 19. Bd2 Bxf3 20. Bxf3 Nxd2 21. Bg4 Nf6 22. Bxe6+ Kh8 23. f3 Nb3 24. Rcd1 Rad8 25. c5 Nd5 26. Re5 Na5 27. Bxd5 Rxd5 28. Re7 Rfd8 29. Rde1 Kg8 30. Rc7 R5d7 31. Rxd7 Rxd7 32. Re4 g5 33. h4 h6 34. hxg5 hxg5 35. Re5 Rg7 36. d5 cxd5 37. Rxd5 Nc6 38. Rf5 Ne7 39. Re5 Kf7 40. Kf2 Kf6 41. Re4 Nc6 42. Re8 Ne5 43. Rd8 Rd7 44. Rf8+ Nf7 45. Ke2 Ke5 46. Ra8 a6 47. Ra7 Kd5 48. Ra8 Kxc5 49. Rc8+ Kb5 50. Rc4 0-1

[Event "II Duchamp Open 2018-U1800"]
[Site "Rio de Janeiro"]
[Date "2018.11.20"]
[Round "5"]
[White "Cabrera Tabeira, Nelson Fabian"]
[Black "Da Costa, Carlos Henrique Luz"]
[Result "0-1"]
[ECO "A40"]
[WhiteElo "1752"]
[BlackElo "1536"]
[Annotator "NA RC"]
[PlyCount "55"]
[EventDate "2018.11.14"]
[EventType "swiss"]
[EventCountry "BRA"]
[SourceTitle "playchess.com"]
[Source "ChessBase"]
[SourceQuality "1"]
[TimeControl "5400+30"]

1. d4 c6 2. Bf4 d5 3. e3 Nf6 4. c3 Bf5 5. Nd2 e6 6. Ngf3 h6 7. h3 Bd6 8. Ne5 Qc7 9. Bh2 Nbd7 10. f4 Ne4 11. Be2 Ndf6 12. O-O Nxd2 13. Qxd2 O-O 14. c4 Ne4 15. Qd1 Bb4 16. Nf3 Be7 17. Qc1 Rac8 18. c5 a5 19. a3 Ra8 20. b4 axb4 21. axb4 b5 22. Qb2 Qb7 23. Rxa8 Rxa8 24. Ra1 Bd8 25. g4 Bh7 26. Bd3 f5 27. Bxe4 fxe4 28. Ne5 0-1

[Event "II Duchamp Open 2018-U1800"]
[Site "Rio de Janeiro"]
[Date "2018.11.20"]
[Round "5"]
[White "Rial, Antonio Marcos Pino"]
[Black "Souza, Neurismar Da Rocha"]
[Result "0-1"]
[ECO "D05"]
[WhiteElo "1712"]
[BlackElo "1551"]
[Annotator "NA RC"]
[PlyCount "128"]
[EventDate "2018.11.14"]
[EventType "swiss"]
[EventCountry "BRA"]
[SourceTitle "playchess.com"]
[Source "ChessBase"]
[SourceQuality "1"]
[TimeControl "5400+30"]

1. d4 d5 2. Nf3 e6 3. e3 Nf6 4. Bd3 b6 5. Nbd2 Bb7 6. O-O Nbd7 7. b3 Be7 8. Bb2 O-O 9. Ne5 Nxe5 10. dxe5 Nd7 11. Qh5 g6 12. Qh3 Nc5 13. f4 Nxd3 14. cxd3 Ba6 15. g4 Bxd3 16. Rf2 f5 17. gxf5 Bxf5 18. Qg2 Rf7 19. Kh1 Bb4 20. e4 Bxd2 21. exf5 Be3 22. fxe6 Rf5 23. Rf3 Bc5 24. Rd1 c6 25. Rg3 Qe8 26. a3 Qxe6 27. b4 Be7 28. Bc1 Rd8 29. Rg1 Kg7 30. Qc2 c5 31. bxc5 bxc5 32. Rb3 d4 33. Rb7 Qd5+ 34. Qg2 Qxg2+ 35. Rxg2 Kf8 36. Kg1 c4 37. Kf1 c3 38. Ke1 d3 39. Kd1 d2 40. Bxd2 Rxd2+ 41. Rxd2 cxd2 42. e6 Rxf4 43. Kxd2 Rf2+ 44. Kd3 Rf3+ 45. Ke4 Rxa3 46. Ke5 Ra5+ 47. Ke4 h5 48. Kd4 g5 49. Ke4 g4 50. Kd4 h4 51. Rb8+ Kg7 52. Re8 Kf6 53. Rh8 Kxe6 54. Rh6+ Bf6+ 55. Kd3 Ra2 56. Rh7 Rxh2 57. Rxa7 g3 58. Ra6+ Kf5 59. Ra5+ Be5 60. Ke3 h3 61. Kf3 Rf2+ 62. Ke3 h2 63. Ra8 h1=Q 64. Rf8+ Bf6 {[%emt 0:00:17] Kd4 Ke5+} 0-1

[Event "II Duchamp Open 2018-U1800"]
[Site "Rio de Janeiro"]
[Date "2018.11.20"]
[Round "5"]
[White "Rovedo, Salomao"]
[Black "Da Silva, Joao Carlos Orguim"]
[Result "0-1"]
[ECO "A05"]
[WhiteElo "1642"]
[BlackElo "1751"]
[Annotator "NA RC"]
[PlyCount "74"]
[EventDate "2018.11.14"]
[EventType "swiss"]
[EventCountry "BRA"]
[SourceTitle "playchess.com"]
[Source "ChessBase"]
[SourceQuality "1"]
[TimeControl "5400+30"]

1. Nf3 Nf6 2. g3 g6 3. Bg2 Bg7 4. O-O O-O 5. d3 d5 6. c3 c5 7. Be3 b6 8. Qc1 Bb7 9. Bh6 Nbd7 10. Bxg7 Kxg7 11. Na3 e5 12. Rd1 Qe7 13. e3 Rac8 14. c4 d4 15. Re1 dxe3 16. Qxe3 Ng4 17. Qe2 Rfe8 18. Nc2 f6 19. Nh4 Bxg2 20. Qxg4 Qf7 21. Nf5+ Kf8 22. Nd6 f5 23. Qg5 Qe6 24. Nxe8 Qc6 25. Ne3 Bf3 26. Nd5 Rxe8 27. Re3 Bxd5 28. cxd5 Qxd5 29. Rae1 Qxa2 30. f4 Qxb2 31. fxe5 Qd4 32. e6 Rxe6 33. Kf1 Rxe3 34. Rxe3 Nf6 35. Ke2 Qg4+ 36. Qxg4 Nxg4 37. d4 Nxe3 0-1

[Event "II Duchamp Open 2018-U1800"]
[Site "Rio de Janeiro"]
[Date "2018.11.20"]
[Round "5"]
[White "Agrasot, Antonio"]
[Black "De Oliveira, Joao Eudes"]
[Result "1/2-1/2"]
[ECO "B50"]
[WhiteElo "1562"]
[BlackElo "1726"]
[Annotator "NA RC"]
[PlyCount "92"]
[EventDate "2018.11.14"]
[EventType "swiss"]
[EventCountry "BRA"]
[SourceTitle "playchess.com"]
[Source "ChessBase"]
[SourceQuality "1"]
[TimeControl "5400+30"]

1. e4 c5 2. Nf3 d6 3. h3 Nf6 4. Nc3 a6 5. Be2 e5 6. d3 Be7 7. O-O O-O 8. Nh2 Be6 9. f4 exf4 10. Bxf4 Qc7 11. Bf3 Nc6 12. Nd5 Bxd5 13. exd5 Nd4 14. c4 Rfe8 15. Be4 Bf8 16. Bf3 g6 17. Bd2 Bg7 18. Bc3 Nf5 19. Re1 Re7 20. Rxe7 Qxe7 21. Nf1 Re8 22. Qe1 Qxe1 23. Rxe1 Rxe1 24. Bxe1 Kf8 25. Bd1 Ke7 26. Bf2 Nd7 27. b3 Bd4 28. Bxd4 Nxd4 29. Kf2 Ne5 30. Ke3 f5 31. Nh2 g5 32. Nf3 Nexf3 33. gxf3 Kf6 34. f4 h6 35. h4 g4 36. h5 b6 37. Kf2 b5 38. Kg3 a5 39. Kf2 Ke7 40. Kg3 Kd7 41. a3 Ke7 42. Kf2 Kf6 43. Kg3 a4 44. cxb5 axb3 45. Bxb3 Nxb3 46. b6 Na5 1/2-1/2